Unix NetHack Version 5.0.0-0 post-release - last build Jun 10 2026 00:39:30 (3ee93aec679c4c4259841fe613dc97188e26a321,branch:main).

Game began 2026-07-06 11:23:14, ended 2026-07-06 11:50:26.

HomunculusP, lawful male dwarven Archeologist

                                                       ---------###########
                    -----                              |.......|#         #
   ----------       |...|    ----------------          |.......|###########
   |%!?**!!?|       |{..|    |...............##########........|#  #-------
   |?+)+(+?         |....#   |..............|          |........#  #|.....|
    .....           |...|####...............-##########|..{....|## #......|
     -|-            |....####----------------         #---------## #|.....|
      #             ---.- # ##                        ###        ###-------
      ######           ##    #####                      ###       #########
           ##### #######         ##                       ##    ###       #
               ###     #          ######                   ###### #########
               #                       #--------               ####.-------
          -----|-------                #|......|        -------#  #.^.....|
          |............#               #.>.....|        |...^.|#  #|...<..|
          |...........| ################|.......########......|#  #.......|
          |...........-##               |......|        |.....|#  #--------
          |.........{.|                 |^.....|        |.....-#  #########
          -------------                 --------        |.....| ! #       #
                                                        ------- @r#########

HomunculusP the Field Worker  St:14 Dx:13 Co:11 In:12 Wi:16 Ch:12  Lawful
Dlvl:2  $:282 HP:0(42) Pw:15(15) AC:9  Xp:4 T:4867  Burdened

Latest messages:
 You succeed in cutting away some rock.
 You start digging.
 You hit the rock with all your might.
 You succeed in cutting away some rock.
 You start digging.
 You hit the rock with all your might.
 You succeed in cutting away some rock.
 You start digging.
 You hit the rock with all your might.
 You succeed in cutting away some rock.
 You kill the gecko!
 You kill the giant rat!
 You start digging.
 You hit the rock with all your might.
 You succeed in cutting away some rock.
 You start digging.
 You hit the rock with all your might.
 You succeed in cutting away some rock.
 You already found a monster.  Use 'm' prefix to force another search.
 You hit the giant rat.
 You hit the giant rat.
 The giant rat bites!
 You hit the giant rat.
 The giant rat bites!
 The giant rat bites!
 You miss the giant rat.
 The giant rat bites!
 You miss the giant rat.
 The giant rat bites!
 The gecko bites!
 You kill the giant rat!
 Welcome to experience level 4.
 The gecko bites!
 You hit the gecko.
 You hit the gecko.
 You hit the gecko.
 The gecko bites!
 You kill the gecko!
 You hit the giant rat.
 The giant rat bites!
 You kill the giant rat!
 The giant rat bites!
 You hit the giant rat.
 The giant rat bites!
 You miss the giant rat.
 The giant rat bites!
 You hit the giant rat.
 The giant rat bites!
 You die...
 Do you want your possessions identified? [ynq] (y) q

Inventory:
 Coins    ('$')
  $ - 282 gold pieces
 Weapons  (')')
  l - 75 +0 arrows
  o - a cursed +0 arrow
  K - 7 cursed +0 silver arrows
  m - a cursed rotted +0 boomerang (at the ready)
  F - 8 +0 darts
  v - 2 +0 orcish daggers
  N - a cursed +0 axe
  a - a +2 bullwhip (alternate weapon; not wielded)
  J - a cursed -2 scimitar
 Armor    ('[')
  c - an uncursed +0 fedora (being worn)
  t - an uncursed +0 orcish helm
  G - an uncursed +0 orcish helm
  b - an uncursed +0 leather jacket (being worn)
 Comestibles  ('%')
  O - an uncursed food ration
  I - an uncursed lembas wafer
  L - an uncursed tripe ration
 Scrolls  ('?')
  p - a cursed scroll of taming
 Spellbooks  ('+')
  j - an uncursed spellbook of light
 Potions  ('!')
  k - 2 uncursed potions of healing
  r - an uncursed potion of paralysis
 Wands    ('/')
  H - a wand of digging (0:7)
 Tools    ('(')
  h - an empty uncursed sack
  e - a corroded +0 pick-axe (weapon in right hand)
  f - a tinning kit (0:88)
 Gems/Stones  ('*')
  x - 2 uncursed agate stones
  D - an uncursed amber stone
  C - an uncursed topaz stone
  u - an uncursed worthless piece of blue glass
  B - an uncursed worthless piece of violet glass
  y - 2 uncursed worthless pieces of yellow glass
  z - an uncursed worthless piece of yellowish brown glass
  g - an uncursed touchstone

HomunculusP the Archeologist's attributes:

Background:
 You were a Field Worker, a level 4 male dwarven Archeologist.
 You were lawful, nominally on a mission for Quetzalcoatl
 who was opposed by Camaxtli (neutral) and Huhetotl (chaotic).
 You were right-handed.
 You were in the Dungeons of Doom, on level 2.
 You entered the dungeon 4867 turns ago.
 You had 84 experience points, 76 more were needed to attain level 5.

Basics:
 You had 0 out of 42 hit points.
 You had all 15 energy points (spell power).
 Your armor class was 9.
 Your wallet contained 282 zorkmids.
 Autopickup was off.

Final Characteristics:
 Your strength was 14 (limit:18/100).
 Your dexterity was 13 (limit:20).
 Your constitution was 11 (limit:20).
 Your intelligence was 12 (limit:16).
 Your wisdom was 16 (limit:16).
 Your charisma was 12 (limit:16).

Final Status:
 You weren't hungry.
 You were burdened; movement was slightly slowed.
 You were wielding a pick-axe.
 You had basic skill with pick-axe.

Final Attributes:
 You were piously aligned.
 You had automatic searching.
 You had infravision.
 You were lucky.
 You are dead.

Miscellaneous:
 You didn't encounter any bones levels.
 Total elapsed playing time was 27 minutes and 11 seconds.

Major events:
 Turn
    1: HomunculusP the lawful male dwarven Archeologist entered the dungeon
 3152: attained the rank of Field Worker (level 3)
 4867: killed by a giant rat

Spells:
 Name                 Level Category     Fail Retention
 light                  1   divination    19%  76%-100%

Skills:
 Fighting Skills
   bare handed combat [Unskilled]
   two weapon combat  [Unskilled]
   riding             [Unskilled]
 Weapon Skills
   dagger             [Unskilled]
   knife              [Unskilled]
   pick-axe           [Basic]
   short sword        [Unskilled]
   saber              [Unskilled]
   club               [Unskilled]
   quarterstaff       [Unskilled]
   sling              [Unskilled]
   dart               [Unskilled]
   boomerang          [Unskilled]
   whip               [Basic]
   unicorn horn       [Unskilled]
 Spellcasting Skills
   attack spells      [Unskilled]
   healing spells     [Unskilled]
   divination spells  [Unskilled]
   matter spells      [Unskilled]

Voluntary challenges:
 Character rerolling was not enabled.
 You were an atheist.
 You never genocided any monsters.
 You never polymorphed an object.
 You never changed form.
 You used no wishes.
Achievements:
 You attained the rank of Field Worker.
 You entered a shop.

 The Dungeons of Doom: levels 1 to 3
    Level 1:
    Level 2: <- You were here.
       A general store, many fountains.
       Final resting place for
          you, killed by a giant rat.
    Level 3:
       A fountain.


Vanquished creatures:
  a gas spore
  a hobgoblin
  5 giant rats
  a cave spider
  3 green molds
  2 red molds
  a gnome zombie
  3 geckos
  7 jackals
  3 foxes
  4 kobolds
  5 goblins
  4 sewer rats
  6 grid bugs
  3 lichens
  a kobold zombie
 19 newts
69 creatures vanquished.

No species were genocided or became extinct.

Game over:
                       ----------
                      /          \
                     /    REST    \
                    /      IN      \
                   /     PEACE      \
                  /                  \
                  |   HomunculusP    |
                  |      282 Au      |
                  |   killed by a    |
                  |    giant rat     |
                  |                  |
                  |                  |
                  |       2026       |
                 *|     *  *  *      | *
        _________)/\\_//(\/(/\)/\//\/|_)_______

Goodbye HomunculusP the Archeologist...

You died in The Dungeons of Doom on dungeon level 2 with 700 points,
and 282 pieces of gold, after 4867 moves.
You were level 4 with a maximum of 42 hit points when you died.

